 Dungeon Crawl Stone Soup version 0.17.0-7-gfadd4cc (webtiles) character file.

473 tp1 the Charmwright (level 6, -10/32 HPs)
             Began as a Deep Elf Conjurer on Nov 8, 2015.
             Killed from afar by an orc wizard (18 damage)
             ... with a puff of frost
             ... on level 4 of the Dungeon.
             The game lasted 00:16:42 (3872 turns).

tp1 the Charmwright (Deep Elf Conjurer)             Turns: 3872, Time: 00:16:42

Health: -10/32     AC:  5    Str: 15    XL:     6   Next: 84%
Magic:  3/13       EV: 12    Int: 22    God:
Gold:   281        SH:  0    Dex: 10    Spells: 3 memorised, 3 levels left

rFire  . . .     SeeInvis .     (no weapon)
rCold  x . .     Clarity  .     a - +0 robe
rNeg   . . .     SustAt   .     (no shield)
rPois  +         Gourm    .     (no helmet)
rElec  .         Spirit   .     z - +2 cloak
rCorr  .         Warding  .     (no gloves)
rMut   .         Rnd*Tele +     (no boots)
MR     .....                    (no amulet)
Stlth  ++........               y - ring of the Magpie {+Fly rPois rC- Str+10 Dex-5}
                                w - ring of teleportation (curse)

@: not resistant to hostile enchantments, unstealthy
A: no striking features
a: Evoke Flight, Evoke Teleportation


You were on level 4 of the Dungeon.
You were not hungry.

You visited 1 branch of the dungeon, and saw 4 of its levels.
You also visited: Ossuary.

You collected 281 gold pieces.

Inventory:

Armour
 a - a +0 robe (worn)
 z - a +2 cloak (worn)
Jewellery
 w - a cursed ring of teleportation (left hand)
 y - the ring of the Magpie (right hand) {+Fly rPois rC- Str+10 Dex-5}
   (You found it on level 4 of the Dungeon)

   [ring of flight]

   It affects your strength (+10).
   It affects your dexterity (-5).
   It makes you vulnerable to cold.
   It protects you from poison.
   It lets you fly.
Wands
 v - a wand of fire (7)
Scrolls
 e - a scroll of remove curse {unknown}
 f - a scroll of blinking {unknown}
 h - 3 scrolls of recharging {unknown}
 i - a scroll of random uselessness {unknown}
 j - 2 scrolls of enchant weapon {unknown}
 k - 5 scrolls of identify {unknown}
 m - 2 scrolls of fear {unknown}
 r - a scroll of enchant armour {unknown}
 s - a scroll of noise {unknown}
 t - a scroll of teleportation {unknown}
Potions
 g - 4 potions of might {unknown}
 n - a potion of heal wounds {unknown}
 p - a potion of resistance {unknown}
 u - a potion of cure mutation {unknown}
 x - a potion of mutation {unknown}
 B - a potion of flight {unknown}
Books
 b - a book of Conjurations

   Spells                             Type                      Level
   a - Magic Dart                     Conjuration                  1
   b - Searing Ray                    Conjuration                  2
   c - Dazzling Spray                 Conjuration/Hexes            3
   d - Fulminant Prism                Conjuration/Hexes            4
   e - Iskenderun's Mystic Blast      Conjuration                  4
   f - Iskenderun's Battlesphere      Conjuration/Charms           5
Comestibles
 c - 5 bread rations
 d - 2 slices of pizza
 l - a meat ration
 o - a beef jerky
 q - 6 fruits


   Skills:
 - Level 2.4 Dodging
 - Level 2.4 Stealth
 + Level 3.4 Spellcasting
 - Level 7.0 Conjurations
 - Level 7.1 Charms


You had 3 spell levels left.
You knew the following spells:

 Your Spells              Type           Power        Failure   Level  Hunger
a - Magic Dart            Conj           ####         1%          1    None
b - Searing Ray           Conj           ####..       1%          2    ##.....
c - Iskenderun's Battles  Conj/Chrm      ####....     21%         5    ######.


Dungeon Overview and Level Annotations

Branches:
Dungeon (4/15)
 Temple: D:4-7

Altars:

Annotations:
D:3 dorian's ghost, amateur DsAK


Message History

You feel sick.
You are no longer poisoned.
You are suddenly yanked towards a nearby monster!
Your surroundings seem slightly different.
The orc wizard casts a spell.
The orc wizard seems to speed up.
All of the chunks of flesh in your inventory have rotted away.
The orc wizard casts a cantrip, but nothing happens.
The orc wizard casts a spell at you. The puff of flame hits you!
* * * LOW HITPOINT WARNING * * *
Casting: Magic Dart
Confirm with . or Enter, or press ? or * to list all spells.
You can't see any susceptible monsters within range! (Use Z to cast anyway.) Evoke which item? (* to show all) (? for menu, Esc to quit)
Okay, then.
The orc wizard gestures at you while chanting.
The puff of frost hits you!
You feel a terrible chill!
Ouch! That really hurt!
You die...

#.###.###.............#### #.#
........#.....#######.#..# #.#
#####.#.#.....# #.#..# #.# #..
#.#.....#######'#..####.# #.#
##.#.....................#
#.###.....................#####
...........>#...........#.#
#..##.###.###...........#.#
#..##.#.....o...@)......#.#######
#..#....................#.##....#
...#....................#.##.##.#
(..#....................#.......#
.............###############.####
.............# #######.#
....#......### #.......#
....#......# #.##########
....#.#.#.## #.# #....


You could see an orc wizard.

Vanquished Creatures
  An ogre (D:4)
  A scorpion (D:4)
  A crimson imp (D:4)
  A giant frog skeleton (D:4)
  Ijyb (D:2)
  A centaur skeleton (D:4)
  3 worker ants (D:4)
  An orc wizard (D:3)
  4 adders
  An ooze (D:3)
  2 worms
  7 giant geckos
  6 orcs
  A ball python (D:1)
  6 bats
  6 giant cockroaches
  5 hobgoblins
  6 kobolds
  A quokka (D:2)
  A giant gecko skeleton (D:4)
  6 giant newts
  4 goblins
  9 rats
75 creatures vanquished.

Notes
Turn   | Place    | Note
--------------------------------------------------------------
     0 | D:1      | tp1 the Deep Elf Conjurer began the quest for the Orb.
     0 | D:1      | Reached XP level 1. HP: 10/10 MP: 6/6
   118 | D:1      | Reached XP level 2. HP: 13/15 MP: 2/8
   125 | D:1      | Learned a level 2 spell: Searing Ray
   199 | D:1      | Reached skill level 5 in Conjurations
  1116 | D:2      | Reached XP level 3. HP: 19/19 MP: 4/9
  1292 | D:2      | Noticed Ijyb
  1335 | D:2      | Killed Ijyb
  1335 | D:2      | Reached skill level 6 in Conjurations
  1335 | D:2      | Reached XP level 4. HP: 21/24 MP: 2/10
  2008 | D:3      | Reached XP level 5. HP: 28/28 MP: 7/11
  2015 | D:3      | Learned a level 5 spell: Iskenderun's Battlesphere
  2082 | D:3      | Reached skill level 7 in Conjurations
  2444 | D:3      | Reached skill level 1 in Charms
  2533 | D:3      | Noticed dorian's ghost (amateur DsAK)
  2760 | D:4      | Reached XP level 6. HP: 32/32 MP: 5/12
  2817 | D:4      | Reached skill level 5 in Charms
  2850 | D:4      | Found a sand-covered staircase.
  2856 | D:4      | Got a crude wooden ring
  2859 | Ossuary  | Entered an ossuary
  2861 | Ossuary  | Identified the ring of the Magpie {+Fly rPois rC- Str+10 Dex-5} (You found it on level 4 of the Dungeon)
  2890 | Ossuary  | Noticed Rayvis's ghost (novice DsFi)
  3603 | D:4      | Noticed an ogre
  3607 | D:4      | Killed an ogre
  3872 | D:4      | Killed from afar by an orc wizard

Action                   |  1- 3 |  4- 6 || total
-------------------------+-------+-------++-------
Melee: Unarmed           |     3 |       ||     3
 Cast: Magic Dart        |    46 |    95 ||   141
       Searing Ray       |     2 |    12 ||    14
       Iskenderun's Batt |       |     2 ||     2
  Eat: Chunk             |     1 |     9 ||    10
       Fruit             |       |     1 ||     1
